 Dungeon Sprint DCSS version 0.21.1-1-g345015f (webtiles) character file.

9769 lydgate the Bludgeoner (level 11, -1/93 HPs)
             Began as a Minotaur Berserker on Feb 11, 2018.
             Was the Champion of Trog.
             Slain by a lorocyproca (14 damage)
             ... in the Dungeon (Sprint I: "Red Sonja").
             The game lasted 00:29:09 (1758 turns).

lydgate the Bludgeoner (Minotaur Berserker)         Turns: 1758, Time: 00:29:09

Health: -1/93      AC: 19    Str: 20 (21) XL:     11   Next: 27%
Magic:  1/6        EV: 10    Int:  2      God:    Trog [******]
Gold:   126        SH:  0    Dex:  8 (9)  Spells: 10/10 levels left

rFire    . . .     SeeInvis .   k - +8 frozen axe "Frostbite" {freezing cloud, *Noise +Fly rC+}
rCold    + . .     Gourm    .   (shield currently unavailable)
rNeg     . . .     Faith    .   u - +0 plate armour
rPois    .         Spirit   .   (helmet restricted)
rElec    .         Reflect  .   (no cloak)
rCorr    .         Harm     .   C - +0 pair of gloves {Str+3}
MR       ++...     NoTele   +   t - +2 pair of boots
Stlth    ..........             (no amulet)
HPRegen  1.25/turn              (no ring)
MPRegen  0.10/turn              (no ring)

@: regenerating, hasted, very quick
A: retaliatory headbutt, horns 2, blurry vision 1, clumsy 2, deterioration 2,
dopey 1, frail 2, low mp 3, screaming 2, weak 2
a: Berserk, Trog's Hand, Brothers in Arms, Burn Spellbooks, Renounce Religion,
Evoke Flight


You were in the Dungeon.
You worshipped Trog.
Trog was exalted by your worship.
You were near starving.

You visited 1 branch You collected 1074 gold pieces.
You spent 948 gold pieces at shops.

Inventory:

Hand Weapons
 a - a +0 mace
 c - a +0 blowgun
 k - the +8 frozen axe "Frostbite" (weapon) {freezing cloud, *Noise +Fly rC+}
   (Trog gifted it to you in the Dungeon)

   It has been specially enchanted to freeze those struck by it, causing extra
   injury to most foes and up to half again as much damage against particularly
   susceptible opponents.
   It can also slow down cold-blooded creatures.
   It protects you from cold.
   It lets you fly.
   It may make noises in combat.
 o - the +8 great mace of Guile {crush, rN+ Int+3}
   (Trog gifted it to you in the Dungeon)

   It inflicts extra damage upon your enemies.
   It affects your intelligence (+3).
   It protects you from negative energy.
Missiles
 l - 4 curare-tipped needles
 v - 7 needles of paralysis
 w - 14 javelins of penetration (quivered)
 y - 10 tomahawks of returning
 B - 17 stones
Armour
 t - a +2 pair of boots (worn)
 u - a +0 plate armour (worn)
 C - a +0 pair of gloves of strength (worn)
Wands
 b - a wand of polymorph (16)
 m - a wand of paralysis (9)
 r - a wand of disintegration (21)
Scrolls
 d - 2 scrolls of enchant weapon
 i - 2 scrolls of blinking
 p - a scroll of identify
 q - 2 scrolls of magic mapping
 x - a scroll of fog {unknown}
Potions
 e - a potion of heal wounds
 g - 2 potions of magic
 h - a potion of berserk rage
 j - a potion of brilliance
 n - a potion of cancellation {unknown}
 s - a potion of curing
Books
 A - a book of Summonings

   Spells                             Type                      Level
   a - Recall                         Summoning/Translocation      3
   b - Aura of Abjuration             Summoning                    5
   c - Summon Demon                   Summoning                    5
   d - Summon Forest                  Summoning/Translocation      5
   e - Summon Mana Viper              Hexes/Summoning              5
   f - Shadow Creatures               Summoning                    6
   Trog disapproves of the use of such an item.


   Skills:
 + Level 17.6 Fighting
 * Level 7.7(14.1) Axes
 - Level 18.1(18.6) Maces & Flails
 + Level 8.7 Throwing
 + Level 10.8 Armour
 + Level 10.5 Dodging
 - Level 3.4 Stealth
 - Level 0.2 Evocations


You had 10 spell levels left.
You didn't know any spells.

Dungeon Overview and Level Annotations

Branches:
Dungeon (1/1)

Altars:
Cheibriados
Dithmenos
Elyvilon
Fedhas
Gozag
Hepliaklqana
Kikubaaqudgha
Makhleb
Nemelex Xobeh
Okawaru
Qazlal
Ru
Sif Muna
Trog
Uskayaw
Vehumet
Wu Jian
Xom
Yredelemnul
Zin
The Shining One
Jiyva
Lugonu

Shops:
D *((}(**[(%}?[*[:(=([[


Innate Abilities, Weirdness & Mutations

You reflexively headbutt those who attack you in melee.
You have a pair of horns on your head.
Scrolls take you a little longer to read.
You are very clumsy. (Dex -4)
Your body often deteriorates upon taking damage.
You are dopey. (Int -2)
You are very frail. (-20% HP)
Your magical capacity is extremely low. (-30% MP)
You sometimes yell uncontrollably at your foes.
You are very weak. (Str -4)


Message History

Something hits you!
You slice something!! You freeze something.
Something hits you but does no damage. Something hits you!!
* * * LOW HITPOINT WARNING * * *
Your body deteriorates!
You feel weakened.
You feel much better. Something hits you but does no damage.
You feel yourself speed up. Something hits you but does no damage.
You miss something. Your headbutt misses something. Something hits you!!
* * * LOW HITPOINT WARNING * * *
Okay, then.
That item cannot be evoked!
Evoke which item? (* to show all) (? for menu, Esc to quit)
Aiming: Paralyse
Press: ? - help, Shift-Dir - straight line Nothing appears to happen.
Evoke which item? (* to show all) (? for menu, Esc to quit)
Aiming: Disintegrate
Press: ? - help, Shift-Dir - straight line Nothing appears to happen.
Something hits you!
You die...

##############*******************
#__#..')..#.)#,,,,+,,,,,,+,,*,,+,
'..'..#).†##'#,###*,,,,,**,,+,,*,
#__####..†'..#,#@###,,,*******+*,
####..#####..+,#{#$###+*,,,**,,*,
#≈§≈.§#§.##'####^.$#y#,**,,,*,,**
§§≈§.§'.§#.....#..$###,,***,*,,≈*
#≈§§.§#..#..)^.'..$$$#*,*,*,*,,≈,
##§#####'###^§.#^....#,,***,*,,≈,
#.§..###.'§#.§.###++##,**,,,*,,≈*
##'###.###§#.§##*,,***,,*+***,,≈*
.....'.∩##§#..#***,,***,,,*,≈,,**


There were no monsters in sight!

Vanquished Creatures
  2 centaur warriors (D)
  Sonja (D)
  A deep troll (D)
  An oklob plant (D)
  8 shining eyes (D)
  2 kobold demonologists (D)
  2 demonic crawlers (D)
  A hornet (D)
  A slime creature (D)
  Sigmund (D)
  2 redbacks (D)
  A yak (D)
  6 floating eyes (D)
  An ogre (D)
  3 jellies (D)
  Ijyb (D)
  3 ballistomycetes (D)
37 creatures vanquished.

Vanquished Creatures (collateral kills)
  2 unseen horrors (D)
  A gargoyle (D)
  2 demonic crawlers (D)
  7 necrophages (D)
  5 jellies (D)
  A ballistomycete (D)
18 creatures vanquished.

Vanquished Creatures (others)
  the Lernaean hydra (D)
  A gargoyle (D)
  2 ballistomycete spores (D)
4 creatures vanquished.

Grand Total: 59 creatures vanquished

Notes
Turn   | Place    | Note
-------+----------+-------------------------------------------
     0 | D        | lydgate the Minotaur Berserker began the quest for the Orb.
     0 | D        | Reached XP level 1. HP: 19/19 MP: 0/0
     1 | D        | Noticed Ijyb
     6 | D        | Killed Ijyb
     6 | D        | Reached skill level 5 in Fighting
     6 | D        | Reached skill level 5 in Maces & Flails
     6 | D        | Reached XP level 2. HP: 29/29 MP: 1/1
    57 | D        | Noticed an ogre
    60 | D        | Killed an ogre
    60 | D        | Reached skill level 8 in Maces & Flails
    60 | D        | Reached XP level 3. HP: 40/40 MP: 2/2
    60 | D        | Reached XP level 4. HP: 48/48 MP: 3/3
   100 | D        | Noticed Sigmund
   105 | D        | Killed Sigmund
   105 | D        | Reached ** piety under Trog
   105 | D        | Reached skill level 10 in Maces & Flails
   105 | D        | Reached skill level 5 in Armour
   105 | D        | Reached XP level 5. HP: 58/58 MP: 4/4
   105 | D        | Reached XP level 6. HP: 66/66 MP: 5/5
   175 | D        | Found a burning altar of Makhleb.
   175 | D        | Found a viscous altar of Jiyva.
   175 | D        | Found a shimmering altar of Xom.
   175 | D        | Found a corrupted altar of Lugonu.
   175 | D        | Noticed a slime creature
   183 | D        | Killed a slime creature
   183 | D        | Reached skill level 10 in Fighting
   183 | D        | Reached skill level 11 in Maces & Flails
   183 | D        | Reached skill level 5 in Dodging
   247 | D        | Noticed a kobold demonologist
   247 | D        | Noticed a floating eye
   248 | D        | Noticed a kobold demonologist
   248 | D        | Paralysed by a floating eye for 3 turns
   252 | D        | Killed a floating eye
   252 | D        | Reached XP level 7. HP: 74/74 MP: 6/6
   256 | D        | Noticed a ynoxinul
   257 | D        | Killed a kobold demonologist
   257 | D        | Reached *** piety under Trog
   257 | D        | Reached skill level 12 in Maces & Flails
   258 | D        | Noticed a soul eater
   259 | D        | Killed a kobold demonologist
   259 | D        | Reached skill level 13 in Maces & Flails
   259 | D        | Reached XP level 8. HP: 85/85 MP: 7/7
   314 | D        | Found an ornate altar of the Wu Jian Council.
   314 | D        | Found a deep blue altar of Sif Muna.
   316 | D        | Found a radiant altar of Vehumet.
   334 | D        | Noticed a centaur warrior
   335 | D        | Noticed a centaur warrior
   363 | D        | Found Niesyhit's Gadget Emporium.
   363 | D        | Found an ancient bone altar of Kikubaaqudgha.
   363 | D        | Found a hazy altar of Hepliaklqana.
   363 | D        | Found a stormy altar of Qazlal.
   363 | D        | Found a hide-covered altar of Uskayaw.
   363 | D        | Found a blossoming altar of Fedhas.
   363 | D        | Found a bloodstained altar of Trog.
   363 | D        | Found an iron altar of Okawaru.
   363 | D        | Found a basalt altar of Yredelemnul.
   363 | D        | Found a glowing golden altar of the Shining One.
   363 | D        | Found a snail-covered altar of Cheibriados.
   363 | D        | Found a sacrificial altar of Ru.
   363 | D        | Found a glowing silver altar of Zin.
   363 | D        | Found a shadowy altar of Dithmenos.
   363 | D        | Found a white marble altar of Elyvilon.
   371 | D        | Found an opulent altar of Gozag.
   372 | D        | Found a sparkling altar of Nemelex Xobeh.
   388 | D        | Noticed Sonja
   399 | D        | Killed Sonja
   399 | D        | Reached **** piety under Trog
   399 | D        | Reached skill level 14 in Maces & Flails
   399 | D        | Reached skill level 1 in Stealth
   516 | D        | Killed a centaur warrior
   516 | D        | Reached skill level 15 in Maces & Flails
   516 | D        | Reached XP level 9. HP: 96/96 MP: 8/8
   646 | D        | Killed a centaur warrior
   646 | D        | Reached skill level 15 in Fighting
   646 | D        | Reached skill level 16 in Maces & Flails
   769 | D        | Killed a gargoyle
   828 | D        | Noticed a deep troll
   834 | D        | Killed a deep troll
   915 | D        | Found Unorof's Assorted Antiques.
   923 | D        | Bought a scroll labeled NOBU YRATOGIGI for 21 gold pieces
   923 | D        | Bought 3 scrolls labeled TYMENK VUTA for 63 gold pieces
   923 | D        | Bought a scroll labeled NOBU YRATOGIGI for 21 gold pieces
   923 | D        | Bought a scroll labeled INYOCONA ETHEH for 21 gold pieces
   927 | D        | Bought a scroll of identify for 42 gold pieces
   927 | D        | Bought a scroll of identify for 42 gold pieces
   947 | D        | Bought a wand of disintegration (23) for 351 gold pieces
   968 | D        | Reached skill level 5 in Throwing
  1006 | D        | Found Netu Ada's Armour Emporium.
  1014 | D        | Bought a +0 pair of boots for 58 gold pieces
  1129 | D        | Noticed a shining eye
  1129 | D        | Noticed a shining eye
  1129 | D        | Noticed a shining eye
  1129 | D        | Noticed a shining eye
  1129 | D        | Noticed a shining eye
  1129 | D        | Noticed a shining eye
  1130 | D        | Paralysed by a floating eye for 3 turns
  1130 | D        | Gained mutation: You are weak. (Str -2) [a shining eye]
  1130 | D        | Gained mutation: Your magical capacity is low. (-10% MP) [a shining eye]
  1131 | D        | Gained mutation: You are very weak. (Str -4) [a shining eye]
  1139 | D        | Reached XP level 10. HP: 106/106 MP: 8/8
  1141 | D        | Killed a shining eye
  1145 | D        | Gained mutation: You are clumsy. (Dex -2) [a shining eye]
  1146 | D        | Killed a shining eye
  1146 | D        | Reached skill level 17 in Maces & Flails
  1155 | D        | Killed a shining eye
  1163 | D        | Gained mutation: Your magical capacity is very low. (-20% MP) [a shining eye]
  1164 | D        | Gained mutation: Your body sometimes deteriorates upon taking damage. [a shining eye]
  1165 | D        | Killed a shining eye
  1165 | D        | Reached ***** piety under Trog
  1165 | D        | Reached skill level 10 in Armour
  1171 | D        | Gained mutation: You are very clumsy. (Dex -4) [a shining eye]
  1172 | D        | Killed a shining eye
  1172 | D        | Gained mutation: You occasionally shout uncontrollably at your foes. [a shining eye]
  1173 | D        | Gained mutation: Your body often deteriorates upon taking damage. [a shining eye]
  1175 | D        | Killed a shining eye
  1178 | D        | Noticed a shining eye
  1178 | D        | Noticed a shining eye
  1178 | D        | Gained mutation: You are frail. (-10% HP) [a shining eye]
  1182 | D        | Gained mutation: Your magical capacity is extremely low. (-30% MP) [a shining eye]
  1183 | D        | Paralysed by a floating eye for 2 turns
  1183 | D        | Gained mutation: Scrolls take you a little longer to read. [a shining eye]
  1185 | D        | Gained mutation: You are dopey. (Int -2) [a shining eye]
  1186 | D        | Gained mutation: You are very frail. (-20% HP) [a shining eye]
  1189 | D        | Gained mutation: Your spells are a little easier to cast, but a little less powerful. [a shining eye]
  1190 | D        | Killed a shining eye
  1190 | D        | Received a gift from Trog
  1191 | D        | Found the +8 frozen axe "Frostbite" {freezing cloud, *Noise +Fly rC+}
  1193 | D        | Gained mutation: You sometimes yell uncontrollably at your foes. [a shining eye]
  1195 | D        | Paralysed by a floating eye for 2 turns
  1195 | D        | Lost mutation: Your spells are a little easier to cast, but a little less powerful. [a shining eye]
  1200 | D        | Killed a shining eye
  1200 | D        | Reached skill level 18 in Maces & Flails
  1202 | D        | Reached skill level 10 in Dodging
  1357 | D        | Found Godutak's Antique Weapon Shop.
  1357 | D        | Found Opod's Weapon Shoppe.
  1357 | D        | Found Iteome's Assorted Antiques.
  1357 | D        | Found Leymur's Weapon Emporium.
  1418 | D        | Noticed an oklob plant
  1422 | D        | Killed an oklob plant
  1521 | D        | Reached XP level 11. HP: 93/93 MP: 6/6
  1547 | D        | Received a gift from Trog
  1549 | D        | Received a gift from Trog
  1550 | D        | Got a transparent great mace {god gift}
  1551 | D        | Identified the +8 great mace of Guile {crush, rN+ Int+3} (Trog gifted it to you in the Dungeon)
  1556 | D        | Killed an unseen horror
  1558 | D        | Killed an unseen horror
  1558 | D        | Reached skill level 5 in Axes
  1561 | D        | Received a gift from Trog
  1564 | D        | Received a gift from Trog
  1607 | D        | Found Ruycai's Antique Armour Shoppe.
  1607 | D        | Found Ewuewo's Assorted Antiques.
  1607 | D        | Found Nehadyng's Weapon Boutique.
  1609 | D        | Found Cenataor's Food Emporium.
  1609 | D        | Found Lienn's Gadget Shop.
  1609 | D        | Found Lauczu's Magic Scroll Shoppe.
  1609 | D        | Found Ishaug's Armour Boutique.
  1609 | D        | Found Such's Assorted Antiques.
  1609 | D        | Found Duas's Armour Shop.
  1609 | D        | Found Fipuwev's Book Shoppe.
  1615 | D        | Found Gufogi's Weapon Boutique.
  1616 | D        | Found Ashretiva's Antique Weapon Emporium.
  1616 | D        | Found Loteacle's Jewellery Boutique.
  1617 | D        | Found Qaaduu's Antique Armour Emporium.
  1620 | D        | Bought a scroll of enchant armour for 90 gold pieces
  1620 | D        | Bought a scroll of enchant armour for 90 gold pieces
  1627 | D        | Bought a +0 pair of gloves of strength for 149 gold pieces
  1680 | D        | Killed the 27-headed Lernaean hydra
  1697 | D        | Received a gift from Trog
  1699 | D        | Reached ****** piety under Trog
  1722 | D        | Received a gift from Trog
  1758 | D        | Slain by a lorocyproca

Skill      XL: |  1  2  3  4  5  6  7  8  9 10 11 |
---------------+----------------------------------+-----
Fighting       | 5 7 9 11 12 14 15 17 | 17.6
Maces & Flails | 5 8 10 11 13 15 16 18 | 18.1
Armour         | 3 4 5 6 7 9 10 | 10.8
Dodging        | 3 4 5 6 8 10 | 10.5
Stealth        | 1 2 3 |  3.4
Throwing       | 3 5 8 |  8.7
Axes           | 2 7 |  7.7
Evocations     | |  0.2

Action                   |  1- 3 |  4- 6 |  7- 9 | 10-12 || total
-------------------------+-------+-------+-------+-------++-------
Melee: Mace              |     5 |    10 |    46 |    49 ||   110
       Headbutt          |       |     3 |    14 |    22 ||    39
       Quarterstaff      |       |       |     5 |       ||     5
       Executioner's axe |       |       |       |    22 ||    22
 Fire: Blowgun           |       |       |     4 |       ||     4
Throw: Javelin           |       |       |       |     3 ||     3
Invok: Berserk           |     2 |     3 |     4 |     1 ||    10
       Trog's Hand       |       |     2 |     3 |     3 ||     8
       Brothers in Arms  |       |       |     2 |     2 ||     4
Evoke: Wand              |       |       |       |     3 ||     3
  Use: Scroll            |       |       |     5 |     3 ||     8
       Potion            |       |       |     1 |     4 ||     5
  Eat: Chunk             |       |     2 |     3 |       ||     5
       Ration            |       |       |     2 |     1 ||     3
Armor: Leather armour    |       |       |     4 |       ||     4
       Plate armour      |       |       |       |    21 ||    21
Dodge: Dodged            |     3 |     5 |    22 |    17 ||    47
